 Dungeon Crawl Stone Soup version 0.29-a0-1019-g84f7d21838 (webtiles) character file.

Game seed: 13603376375623015000

54894 bumlips the Severer (level 14, -1/111 HPs)
             Began as a Demonspawn Berserker on Aug 10, 2022.
             Was a High Priest of Trog.
             Slain by a snapping turtle (11 damage)
             ... on level 5 of the Lair of Beasts.
             The game lasted 01:21:17 (28516 turns).

bumlips the Severer (Demonspawn Berserker)         Turns: 28516, Time: 01:21:17

Health: -1/111     AC: 22    Str: 28    XL:     14   Next: 36%
Magic:  14/14      EV: 11    Int: 13    God:    Trog [*****.]
Gold:   626        SH: 16    Dex: 13    Spells: 13/13 levels left

rFire   . . .      SeeInvis +   z - +2 broad axe "Nifedaxt" {drain, Int+4}
rCold   + . .      Faith    .   M - +0 kite shield
rNeg    . . .      Spirit   .   p - +1 scale mail {rC+}
rPois   +          Reflect  +   D - +1 helmet
rElec   .          Harm     .   m - +2 cloak
rCorr   .          Rampage  .   d - +1 pair of gloves
Will    ++...                   (no boots)
Stlth   ..........              g - amulet of reflection
HPRegen 0.28/turn               h - ring of see invisible
MPRegen 0.14/turn               J - +6 ring of strength

@: mighty, mesmerised
A: slimy green scales 3, demonic guardian 2, demonic willpower, weakness stinger
2
a: Renounce Religion, Berserk, Trog's Hand, Brothers in Arms


You were on level 5 of the Lair of Beasts.
You worshipped Trog.
Trog was extremely pleased with you.
You visited 2 branches of the dungeon, and saw 18 of its levels.

You collected 1082 gold pieces.
You spent 456 gold pieces at shops.

Inventory:

Hand Weapons
 a - a +1 hand axe of venom
 z - the +2 broad axe "Nifedaxt" (weapon) {drain, Int+4}
   (You bought it in a shop on level 4 of the Dungeon)

   A truly terrible weapon, it drains the life of any living foe it strikes.
   Int:       It affects your intelligence (+4).
Missiles
 k - 4 silver boomerangs (quivered)
 u - 3 throwing nets
Armour
 d - a +1 pair of gloves (worn)
 m - a +2 cloak (worn)
 p - a +1 scale mail of cold resistance (worn)
 s - +0 steam dragon scales
 D - a +1 helmet (worn)
 M - a +0 kite shield (worn)
 N - a +0 troll leather armour
Jewellery
 b - a ring of magical power
 g - an amulet of reflection (around neck)
 h - a ring of see invisible (left hand)
 n - an amulet of the acrobat
 t - an amulet of guardian spirit
 E - a ring of ice
 I - an amulet of faith
 J - a +6 ring of strength (right hand)
Wands
 e - a wand of roots (14)
 o - a wand of digging (2)
 x - a wand of paralysis (4)
 C - a wand of polymorph (2)
 L - a wand of flame (16)
Scrolls
 v - 7 scrolls of teleportation
 y - 3 scrolls of poison
 G - a scroll of enchant weapon
Potions
 c - 6 potions of might
 i - 6 potions of ambrosia
 j - 3 potions of haste
 l - 4 potions of berserk rage
 q - 5 potions of mutation
 r - a potion of lignification
 w - a potion of attraction
 A - 3 potions of flight
 H - 3 potions of brilliance
 K - 2 potions of invisibility
 O - a potion of curing
Miscellaneous
 B - a phial of floods
 F - a phial of floods


   Skills:
 + Level 10.6 Fighting
 - Level 0.4 Short Blades
 + Level 15.6 Axes
 + Level 10.6 Armour
 - Level 5.6 Dodging
 - Level 0.2 Stealth
 * Level 9.9 Shields


You had 13 spell levels left.
You didn't know any spells.
Your spell library contained the following spells:

 Spells                   Type           Power      Damage    Failure   Level
 Apportation              Tloc           0%         N/A       78%         1
 Scorch                   Fire           0%         2d5       89%         2
 Gell's Gravitas          Tloc           0%         N/A       98%         3
 Lesser Beckoning         Tloc           0%         N/A       98%         3
 Teleport Other           Tloc           0%         N/A       98%         3
 Tukima's Dance           Hex            0%         N/A       98%         3
 Airstrike                Air            0%         2d(0-16)  100%        4
 Flame Wave               Conj/Fire      0%         2d4       100%        4
 Passage of Golubria      Tloc           0%         N/A       100%        4
 Summon Lightning Spire   Summ/Air       0%         N/A       100%        4
 Alistair's Intoxication  Tmut/Pois      0%         N/A       100%        5
 Lightning Bolt           Conj/Air       0%         1d11      100%        5
 Yara's Violent Unravell  Hex/Tmut       0%         3d3       100%        5
 Summon Cactus Giant      Summ           0%         N/A       100%        6


Dungeon Overview and Level Annotations

Branches:
Dungeon (13/15)            Temple (0/1) D:7            Lair (5/5) D:8
 Shoals (0/4) Lair:2       Spider (0/4) Lair:2          Orc (0/2) D:12
 Vaults (0/5) D:13
  Slime: Lair:4-5

Altars:
Ashenzari
Dithmenos
Gozag
Makhleb
Okawaru
Sif Muna
Vehumet

Shops:
D:4 *   D:7 (


Innate Abilities, Weirdness & Mutations

You are completely covered in slimy green scales. (AC +4, rPois)
A demonic guardian rushes to your aid.
You punish those that try to bend your will. (Will+)
You have a tail ending in a sharp stinger.


Message History

The merfolk avatar chants its luring song.
You block the sea snake's attack.
Your orange demon stings the snapping turtle but does no damage.
The merfolk avatar chants its luring song.
You block the komodo dragon's attack.
Your unstable footing causes you to fumble your attack.
You block the sea snake's attack.
The wind drake bites you but does no damage.
You block the snapping turtle's attack.
The merfolk avatar chants its luring song.
The sea snake bites you but does no damage.
Your orange demon stings the snapping turtle from afar.
The snapping turtle looks as sick as possible!
Your orange demon poisons the snapping turtle!
The wind drake flaps its wings at you. The air twists around and strikes you.
You block the komodo dragon's attack.
The merfolk avatar chants its luring song.
The sea snake bites you but does no damage.
You hit the merfolk avatar. You drain the merfolk avatar.
You tail-slap the merfolk avatar!
The merfolk avatar is severely wounded.
You slash the komodo dragon! You drain the komodo dragon.
You hit the sea snake. You drain the sea snake.
The wind drake flaps its wings at you. The air twists around and strikes you!
* * * LOW HITPOINT WARNING * * *
The komodo dragon bites you!
* * * LOW HITPOINT WARNING * * *
A demonic guardian appears!
You block the snapping turtle's attack. You block the sea snake's attack.
The merfolk avatar chants its luring song.
You completely miss the merfolk avatar. You tail-slap the merfolk avatar.
The merfolk avatar is severely wounded.
You completely miss the komodo dragon. You slash the sea snake!
You kill the sea snake!
Trog accepts your kill.
The wind drake bites your hellwing but does no damage.
You block the komodo dragon's attack.
The snapping turtle bites you from afar!
You die...

.........†............
...........[....†.......
........................
.......................
.~~~~...~.~....~...~...
~#~~##†4#~~~##~~~#.... .
#~~.t4k~#~~##~~~#....
~..~#~~~l.~~~~~~~~~~~.#.
~~~.~~~@~~~~~~..~~~~~ ##
#####.#m~###~###.
~~#~~~# #.~ #~~..~~~~
~#~ #~~~~~~~~~ ~ # #
8######~~ ~ P~ P~~ #~
~.~~


You could see a merfolk avatar (mesmerising, drained), a snapping turtle
(extremely poisoned, ally target), a wind drake (repels missiles, drained, ally
target), a komodo dragon (drained), a friendly orange demon (summoned) and a
friendly hellwing (summoned).

Vanquished Creatures
  Gastronok (Lair:1)
  11 slime creatures
  An ironbound preserver (D:13)
  A dire elephant (Lair:3)
  Fannar (Lair:2)
  2 boulder beetles
  3 hydras
  Harold (Lair:2)
  Erolcha (D:13)
  2 centaur warriors
  A catoblepas (Lair:1)
  Erica (D:8)
  2 two-headed ogres
  An alligator (Lair:3)
  5 death yaks
  Amaemon (Lair:1)
  A sea snake (Lair:5)
  A glowing orange brain (shapeshifter) (D:13)
  3 deep elf pyromancers
  A lindwurm (Lair:2)
  An ugly thing (D:11)
  4 manticores
  A cyclops (D:11)
  11 elephants
  A black mamba (Lair:2)
  An orange demon (Lair:1)
  A torpor snail (Lair:3)
  3 gargoyles
  10 cane toads
  A rime drake (Lair:3)
  An efreet (D:11)
  An unseen horror (D:11)
  4 komodo dragons
  3 polar bears
  4 trolls
  2 hornets (Lair:5)
  A snapping turtle (Lair:2)
  6 dream sheep (Lair:2)
  Sigmund (D:4)
  2 shadows (D:12)
  5 vampires
  39 yaks
  5 basilisks
  3 wraiths
  4 steam dragons
  4 vampire mosquitoes (D:12)
  Menkaure (D:7)
  10 water moccasins
  An acid dragon (D:12)
  A sky beast (D:7)
  An orc warrior (D:8)
  2 black bears
  2 ice beasts
  13 wolves
  8 centaurs
  2 ogres
  3 kobold brigands
  6 bullfrogs
  A gnoll sergeant (D:5)
  7 scorpions
  2 wights (D:7)
  2 electric eels (Lair:4)
  5 howler monkeys
  2 jellies
  3 hounds
  3 orc priests
  Crazy Yiuf (D:2)
  A gnoll bouda (D:9)
  An iron imp (D:6)
  Jessica (D:2)
  Ijyb (D:3)
  6 iguanas
  9 orc wizards
  A hell rat (Lair:3)
  Robin (D:3)
  11 gnolls
  5 adders
  A shadow imp (D:6)
  A white imp (D:6)
  3 worms
  2 dart slugs
  28 orcs
  8 ball pythons
  6 endoplasms
  7 giant cockroaches
  13 goblins
  12 hobgoblins
  4 jackals (D:5)
  5 quokkas
  3 training dummies (D:7)
  4 bats
  3 frilled lizards
  20 kobolds
  5 rats
  A butterfly (Lair:1)
399 creatures vanquished.

Vanquished Creatures (collateral kills)
  Nessos (D:13)
  A hydra (D:13)
  A centaur warrior (D:13)
  Urug (D:13)
  3 elephants (Lair:3)
  A black mamba (Lair:3)
  Joseph (D:7)
  A yak (Lair:1)
  A water moccasin (D:5)
  A black bear (Lair:3)
  An ice beast (D:5)
  3 wights (D:7)
  An orc priest (D:8)
  A quokka (D:4)
18 creatures vanquished.

Vanquished Creatures (others)
  An ugly thing (D:13)
  An acid dragon (D:13)
  9 fungi
  16 plants
27 creatures vanquished.

Grand Total: 444 creatures vanquished

Notes
Turn   | Place    | Note
-------+----------+-------------------------------------------
     0 | D:1      | bumlips the Demonspawn Berserker began the quest for the
                  | Orb.
     0 | D:1      | Reached XP level 1. HP: 18/18 MP: 1/1
   135 | D:1      | Gained mutation: A weak demonic guardian rushes to your
                  | aid. [demonic ancestry]
   135 | D:1      | Reached XP level 2. HP: 7/24 MP: 2/2
   723 | D:1      | Reached skill level 3 in Axes
  1077 | D:2      | Found a shadowy altar of Dithmenos.
  1873 | D:2      | Gained mutation: You have a small tail. [demonic ancestry]
  1873 | D:2      | Reached XP level 3. HP: 23/29 MP: 3/3
  2006 | D:2      | Found a faded altar of an unknown god.
  2175 | D:2      | Noticed Jessica
  2178 | D:2      | Reached ** piety under Trog
  2181 | D:2      | Killed Jessica
  2466 | D:2      | Found a runed translucent door.
  2467 | D:2      | Noticed Crazy Yiuf
  2800 | D:2      | Killed Crazy Yiuf
  2801 | D:2      | Gained mutation: You have a tail ending in a sharp stinger.
                  | [demonic ancestry]
  2801 | D:2      | Reached XP level 4. HP: 37/37 MP: 4/4
  2985 | D:3      | Noticed Robin
  2997 | D:3      | Killed Robin
  3035 | D:3      | Noticed Ijyb
  3059 | D:3      | Killed Ijyb
  3060 | D:3      | Reached XP level 5. HP: 28/42 MP: 5/5
  4003 | D:4      | Found Jidghal's General Store.
  4123 | D:4      | Noticed an ogre
  4128 | D:4      | Killed an ogre
  4129 | D:4      | Reached skill level 4 in Axes
  4663 | D:4      | Gained mutation: A demonic guardian rushes to your aid.
                  | [demonic ancestry]
  4663 | D:4      | Reached XP level 6. HP: 44/48 MP: 6/6
  4755 | D:4      | Noticed Sigmund
  4773 | D:4      | Killed Sigmund
  5050 | D:5      | Entered Level 5 of the Dungeon
  5073 | D:5      | Reached XP level 7. HP: 28/54 MP: 7/7
  5690 | D:5      | Found an iron altar of Okawaru.
  5763 | D:5      | Reached skill level 5 in Axes
  6178 | D:5      | Reached skill level 1 in Shields
  6220 | D:5      | You fall into a shaft and drop 3 floors!
  6228 | D:8      | Found an opulent altar of Gozag.
  6283 | D:7      | Reached skill level 5 in Armour
  7062 | D:7      | Noticed Joseph
  7073 | D:7      | Killed Joseph
  7074 | D:7      | Reached skill level 6 in Axes
  7074 | D:7      | Gained mutation: You are partially covered in slimy green
                  | scales. (AC +2) [demonic ancestry]
  7074 | D:7      | Reached XP level 8. HP: 25/61 MP: 8/8
  7368 | D:7      | Found a staircase to the Ecumenical Temple.
  7789 | D:7      | Reached skill level 5 in Fighting
  7934 | D:7      | Found Pughac's Firing Range.
  8007 | D:7      | Noticed Menkaure
  8012 | D:7      | Killed Menkaure
  8306 | D:7      | Reached XP level 9. HP: 48/67 MP: 9/9
  8311 | D:7      | Reached skill level 7 in Axes
  9234 | D:6      | Found a burning altar of Makhleb.
  9433 | D:5      | HP: 3/68 [poisoned by a water moccasin]
 10698 | D:4      | Bought the +2 broad axe "Nifedaxt" {drain, Int+4} for 456
                  | gold pieces
 11007 | D:8      | Reached *** piety under Trog
 11008 | D:8      | Reached skill level 8 in Axes
 11087 | D:8      | Noticed a two-headed ogre
 11106 | D:8      | Killed a two-headed ogre
 11285 | D:8      | Noticed Erica
 11296 | D:8      | Killed Erica
 11297 | D:8      | Reached skill level 9 in Axes
 11297 | D:8      | Reached XP level 10. HP: 73/76 MP: 10/10
 11955 | D:8      | Found a shimmering blue altar of Sif Muna.
 11963 | D:8      | Found a radiant altar of Vehumet.
 11964 | D:8      | Found a broken altar of Ashenzari.
 12753 | D:8      | Found a staircase to the Lair.
 13358 | D:9      | Reached skill level 10 in Axes
 14285 | D:10     | Entered Level 10 of the Dungeon
 14995 | D:10     | Noticed a two-headed ogre
 15009 | D:10     | Killed a two-headed ogre
 15010 | D:10     | Reached skill level 5 in Dodging
 15011 | D:10     | Gained mutation: You are mostly covered in slimy green
                  | scales. (AC +3) [demonic ancestry]
 15011 | D:10     | Reached XP level 11. HP: 84/84 MP: 11/11
 15311 | D:10     | Reached skill level 11 in Axes
 15770 | D:11     | Noticed a green ugly thing
 15778 | D:11     | Killed a green ugly thing
 17802 | D:12     | Reached skill level 12 in Axes
 18155 | D:12     | Reached **** piety under Trog
 18466 | D:12     | Noticed a deep elf pyromancer
 18474 | D:12     | Killed a deep elf pyromancer
 18674 | D:12     | Identified the +0 ring mail of Bitterness {Stlth+}
 18994 | D:12     | Found a staircase to the Orcish Mines.
 19061 | D:12     | Gained mutation: You punish those that try to bend your
                  | will. (Will+) [demonic ancestry]
 19061 | D:12     | Reached XP level 12. HP: 76/92 MP: 12/12
 19861 | D:13     | Found a gate to the Vaults.
 19861 | D:13     | Noticed an ironbound preserver
 19873 | D:13     | Killed an ironbound preserver
 19873 | D:13     | Noticed Urug
 19873 | D:13     | Noticed Erolcha
 19874 | D:13     | Reached skill level 13 in Axes
 20158 | D:13     | Noticed a centaur warrior
 20162 | D:13     | Noticed a six-headed hydra
 20171 | D:12     | Killed a centaur warrior
 20463 | D:13     | Noticed a boulder beetle
 20483 | D:13     | Killed a boulder beetle
 20693 | D:13     | Noticed a four-headed hydra
 20705 | D:13     | Noticed a centaur warrior
 20732 | D:13     | Killed Erolcha
 20811 | D:13     | Killed a centaur warrior
 20812 | D:13     | Reached skill level 5 in Shields
 20915 | D:13     | Noticed Nessos
 20923 | D:13     | Noticed an eight-headed hydra
 20930 | D:13     | Killed Nessos
 20934 | D:13     | Killed a ten-headed hydra
 21158 | D:13     | Noticed a centaur warrior
 21175 | D:13     | Killed a centaur warrior
 21176 | D:13     | Reached skill level 10 in Armour
 21665 | D:13     | Killed an 11-headed hydra
 22126 | D:13     | Killed Urug
 22419 | Lair:1   | Entered Level 1 of the Lair of Beasts
 22470 | Lair:1   | Noticed an eight-headed hydra
 22478 | Lair:1   | Gained mutation: You are completely covered in slimy green
                  | scales. (AC +4, rPois) [demonic ancestry]
 22478 | Lair:1   | Reached XP level 13. HP: 101/101 MP: 13/13
 22783 | Lair:1   | Reached skill level 14 in Axes
 22847 | Lair:1   | Noticed Gastronok
 22865 | Lair:1   | Killed Gastronok
 22962 | Lair:1   | Noticed Amaemon
 22979 | Lair:1   | Killed Amaemon
 24115 | Lair:2   | Noticed Harold
 24140 | Lair:2   | Killed Harold
 24148 | Lair:2   | Reached ***** piety under Trog
 24510 | Lair:2   | Reached skill level 10 in Fighting
 24521 | Lair:2   | Found a hole to the Spider Nest.
 24904 | Lair:2   | Noticed Fannar
 24929 | Lair:2   | Killed Fannar
 24930 | Lair:2   | Reached skill level 15 in Axes
 25202 | Lair:2   | Found a staircase to the Shoals.
 26116 | Lair:3   | Reached XP level 14. HP: 107/110 MP: 14/14
 28433 | Lair:5   | Entered Level 5 of the Lair of Beasts
 28516 | Lair:5   | Slain by a snapping turtle

Illustrated notes

Levels and vault maps discovered:
D:1:      minmay_arrival_semitransparent, layout_rooms
D:2:      layout_loops_corners, basic_altar, basic_ecumenical_altar,
          uniq_crazy_yiuf_cottage, uniq_jessica
D:3:      layout_basic, uniq_robin, uniq_ijyb
D:4:      nicolae_BIG_FREAKIN_CUBE, layout_basic,
          mainiacjoe_overflow_tiny_flanked, serial_shops, nicolae_stop_n_shop_1,
          supply_closet_lemuel, uniq_sigmund
D:5:      layout_loops_cross, okawaru_ov_weapons_minmay, kennysheep_potato
D:6:      layout_gridville, makhleb_grotto_becter, nicolae_figureground_sparkle
D:7:      layout_gridville, tso_metal_star, minmay_temple_entry_glass,
          nicolae_shop_firing_range, uniq_joseph, uniq_menkaure
D:8:      layout_cave_pools, nicolae_gozag_seed_capital, minitemple,
          erik_lair_dragon, uniq_erica
D:9:      layout_stronghold
D:10:     layout_basic, mainiacjoe_overflow_small_starburst,
          grunt_decor_arrowhead
D:11:     layout_basic
D:12:     layout_loops_ring, orc_0_dummy
D:13:     nzn_winding_woodlands_three_and_one
          [nzn_winding_woodlands_5x15_zeroes, nzn_winding_woodlands_5x15_eye,
          nzn_winding_woodlands_5x15_crooked,
          nzn_winding_woodlands_center_pierced_h], layout_rooms,
          skrybe_vaults_entry_preservation, uniq_azrael, uniq_nessos,
          uniq_erolcha, uniq_urug
Lair:1:   layout_loops_ring, serial_bayou_shore_b, lemuel_fruit_fields,
          uniq_gastronok, uniq_amaemon
Lair:2:   layout_chaotic_city, minmay_shoals_entry_hut,
          nicolae_spider_entry_non_spiders, nicolae_volcano_entry_vermiform,
          uniq_harold, uniq_fannar
Lair:3:   layout_cave_pods, nicolae_lair_lakeside_cave
Lair:4:   pond_and_an_island_with_a_cottage, layout_gridlike,
          gauntlet_entry_generic
Lair:5:   gammafunk_lair_ancient_temple, layout_big_grid,
          minmay_slime_entry_eyes, serial_bayou_shore_a

Skill      XL: |  1  2  3  4  5  6  7  8  9 10 11 12 13 14 |
---------------+-------------------------------------------+-----
Dodging        | 2 3 4 5 |  5.6
Axes           | 3 4 6 9 10 12 13 15 | 15.6
Armour         | 2 3 4 5 6 7 8 9 10 | 10.6
Fighting       | 4 5 6 7 8 9 10 | 10.6
Shields        | 1 2 6 8 9 |  9.9
Short Blades   | |  0.4
Stealth        | |  0.2

Action                   |  1- 3 |  4- 6 |  7- 9 | 10-12 | 13-15 || total
-------------------------+-------+-------+-------+-------+-------++-------
Melee: Hand axe          |    52 |   103 |   186 |       |       ||   341
       Dagger            |    46 |     7 |       |       |       ||    53
       Punch             |     2 |     2 |     2 |     4 |       ||    10
       Tailslap          |     2 |    14 |    45 |    87 |   103 ||   251
       Battleaxe         |       |       |    42 |       |       ||    42
       Broad axe         |       |       |    26 |   451 |   412 ||   889
Invok: Berserk           |     1 |     4 |    11 |    14 |     2 ||    32
       Trog's Hand       |       |       |     3 |     1 |       ||     4
  Use: Scroll            |     2 |     4 |     5 |     5 |     9 ||    25
       Potion            |     2 |       |     2 |     5 |     2 ||    11
 Stab: Distracted        |       |       |     1 |       |       ||     1
Armor: Animal skin       |    10 |       |       |       |       ||    10
       Ring mail         |    28 |    21 |       |       |       ||    49
       Scale mail        |       |    25 |   133 |   293 |   276 ||   727
Dodge: Dodged            |    58 |    53 |   128 |   266 |   230 ||   735
Block: Other             |       |     4 |    33 |       |       ||    37
       Reflection        |       |       |     2 |    11 |       ||    13
       Kite shield       |       |       |       |   150 |   394 ||   544

Table legend: (Time is in decaauts)
 A = Elapsed time spent in this place.
 B = Non-inter-level travel time spent in this place.
 C = Inter-level travel time spent in this place.
 D = Time resting spent in this place.
 E = Time spent auto-exploring this place.
 F = Levels seen in this place.
 G = Mean time per level.
                   A        B        C        D        E       F      G
               +--------+--------+--------+--------+--------+-----+--------+
         Total |  28907 |  28210 |    697 |  14264 |   9256 |  18 | 1605.9 |
       Dungeon |  22769 |  22121 |    648 |  11734 |   7018 |  13 | 1751.5 |
          Lair |   6137 |   6088 |     49 |   2530 |   2238 |   5 | 1227.4 |
               +--------+--------+--------+--------+--------+-----+--------+

Top non-repeatable levels by time:
    D:12: 3348 daAuts
     D:7: 2587 daAuts
     D:5: 2423 daAuts
    D:11: 2145 daAuts
     D:8: 2135 daAuts
     D:2: 1835 daAuts
  Lair:3: 1823 daAuts
  Lair:1: 1607 daAuts
  Lair:2: 1512 daAuts
    D:10: 1426 daAuts
     D:9: 1372 daAuts
     D:4: 1281 daAuts
    D:13: 1262 daAuts
     D:3: 1140 daAuts
  Lair:4: 1111 daAuts
